 Dungeon Crawl Stone Soup version 0.25-a0-353-ged6d54792d (webtiles) character file.

Game seed: 8724246142072316591, levelgen mode: classic

109398 Borgoz the Bludgeoner (level 16, -3/104 HPs)
             Began as a Gargoyle Gladiator on Jan 2, 2020.
             Was the Champion of Okawaru.
             Slain by a sixfirhy (9 damage)
             ... summoned by an orc high priest
             ... on level 2 of the Orcish Mines.
             The game lasted 00:56:26 (27362 turns).

Borgoz the Bludgeoner (Gargoyle Gladiator)         Turns: 27362, Time: 00:56:26

Health: -3/104     AC:  7    Str: 24    XL:     16   Next: 52%
Magic:  21/21      EV: 18    Int: 11    God:    Okawaru [******]
Gold:   2318       SH:  0    Dex: 13    Spells: 15/15 levels left

rFire    + + +     SeeInvis .   b - +5 eveningstar (protect)
rCold    . . .     Gourm    .   (no shield)
rNeg     + . .     Faith    .   q - +4 chain mail {rF+}
rPois    ∞         Spirit   .   c - +0 helmet
rElec    +         Reflect  .   K - scarf {cloud immunity}
rCorr    .         Harm     .   s - +1 pair of gloves {Str+3}
MR       +....                  L - +1 pair of boots of Ifualawu {rF+}
Stlth    ..........             x - amulet of regeneration
HPRegen  0.67/turn              I - ring of protection from fire
MPRegen  0.17/turn              N - +2 ring of protection

@: heroism, corroded, protection aura, flying
A: big wings, negative energy resistance 1, electricity resistance, unbreathing,
petrification resistance, rot immunity, AC +12
a: Stop Flying, Heroism, Finesse, Renounce Religion


You were on level 2 of the Orcish Mines.
You worshipped Okawaru.
Okawaru was exalted by your worship.
You were not hungry.

You visited 4 branches of the dungeon, and saw 24 of its levels.
You also visited: Sewer and Ossuary.

You collected 2717 gold pieces.
You spent 399 gold pieces at shops.

Inventory:

Hand Weapons
 b - a +5 eveningstar of protection (weapon)
 e - a +2 great mace of crushing
Missiles
 y - a throwing net (quivered)
Armour
 c - a +0 helmet (worn)
 k - the +1 pair of gloves "Ifren" {*Slow rF++}
   (Okawaru gifted it to you on level 2 of the Orcish Mines)

   It greatly protects you from fire.
   It may slow you when you take damage.
 o - the +1 plate armour "Buhi" {*Corrode rPois MR+ Str+2}
   (You found it on level 6 of the Dungeon)

   It affects your strength (+2).
   It protects you from poison.
   It affects your resistance to hostile enchantments.
   It may corrode you when you take damage.
 q - a +4 chain mail of fire resistance (worn)
 s - a +1 pair of gloves of strength (worn)
 K - a scarf of cloud immunity (worn)
 L - the +1 pair of boots of Ifualawu (worn) {rF+}
   (Okawaru gifted it to you on level 13 of the Dungeon)

   It protects you from fire.
Jewellery
 x - an amulet of regeneration (around neck)
 I - a ring of protection from fire (left hand)
 N - a +2 ring of protection (right hand)
Wands
 v - a wand of digging (4)
 Q - a wand of acid (6)
 T - a wand of iceblast (25)
Scrolls
 i - 26 scrolls of teleportation
 l - 6 scrolls of fog
 u - 4 scrolls of magic mapping
 z - 3 scrolls of blinking
 D - 3 scrolls of summoning
 F - 4 scrolls of fear
 J - 5 scrolls of identify
 O - 9 scrolls of remove curse
Potions
 a - 2 potions of invisibility
 d - 2 potions of ambrosia
 g - 3 potions of resistance
 j - 3 potions of curing
 p - a potion of heal wounds
 r - 6 potions of haste
 w - a potion of agility
 G - 3 potions of might
Comestibles
 f - 39 rations
 h - 17 chunks of flesh


   Skills:
 + Level 13.5(18.5) Fighting
 * Level 15.4(20.4) Maces & Flails
 - Level 1.7(6.7) Throwing
 + Level 13.3(18.3) Armour
 * Level 13.4(18.4) Dodging
   Level 3.6(8.6) Shields
 + Level 7.8 Invocations


You had 15 spell levels left.
You didn't know any spells.
Your spell library contained the following spells:

 Spells                   Type           Power        Failure   Level  Hunger
 Animate Skeleton         Necr           N/A          77%         1    ##.....
 Apportation              Tloc           #.....       77%         1    ##.....
 Beastly Appendage        Tmut           #.....       77%         1    ##.....
 Confusing Touch          Hex            #.....       77%         1    ##.....
 Sting                    Tmut/Pois      #...         77%         1    ##.....
 Summon Small Mammal      Summ           #...         77%         1    ##.....
 Ice Form                 Ice/Tmut       #.......     100%        4    #####..
 Leda's Liquefaction      Hex/Erth       #.........   100%        4    #####..
 Bolt of Magma            Conj/Fire/Erth #.........   100%        5    ######.
 Metabolic Englaciation   Hex/Ice        #.........   100%        5    ######.
 Yara's Violent Unravell  Hex/Tmut       #.........   100%        5    ######.
 Eringya's Noxious Bog    Tmut/Pois      #.........   100%        6    #######
 Freezing Cloud           Conj/Ice/Air   #.........   100%        6    #######
 Iron Shot                Conj/Erth      #.........   100%        6    #######
 Ozocubu's Refrigeration  Ice            #.........   100%        6    #######
 Simulacrum               Ice/Necr       #.........   100%        6    #######
 Shatter                  Erth           #.........   100%        9    #######
 Statue Form              Tmut/Erth      Unusable     N/A         6    N/A

Dungeon Overview and Level Annotations

Branches:
Dungeon (15/15)            Temple (1/1) D:6            Lair (6/6) D:11
  Swamp (0/4) Lair:3        Snake (0/4) Lair:3        Slime (0/5) Lair:5
    Orc (2/2) D:9          Vaults (0/5) D:14         Depths (0/5) D:15
  Sewer (visited)         Ossuary (visited)
    Elf: Orc:2

Altars:
Ashenzari
Cheibriados
Dithmenos
Elyvilon
Fedhas
Gozag
Hepliaklqana
Kikubaaqudgha
Makhleb
Nemelex Xobeh
Okawaru
Qazlal
Ru
Sif Muna
Trog
Uskayaw
Vehumet
Wu Jian
Xom
Yredelemnul
Zin
The Shining One
Beogh

Shops:
D:7 =   D:15 ((}*   Orc:2 *?!

Portals:
Trove: D:15 (give 2 scrolls of acquirement)


Innate Abilities, Weirdness & Mutations

You are resistant to torment.
Your stone body is resilient. (AC +12)
You are immune to poison.
Your large and strong wings let you fly indefinitely.
You resist negative energy. (rN+)
You are resistant to electric shocks. (rElec)
You can survive without breathing.
You are immune to petrification.
You are immune to rotting.


Message History

The orc high priest is heavily wounded.
The sixfirhy hits you but does no damage.
The sixfirhy hits you.
* * * LOW HITPOINT WARNING * * *
The sixfirhy shocks you. You resist.
* * * LOW HITPOINT WARNING * * *
The sixfirhy hits you!
* * * LOW HITPOINT WARNING * * *
The sixfirhy shocks you. You resist.
* * * LOW HITPOINT WARNING * * *
The rust devil hits you. The rust devil corrodes you!
You closely miss the orc high priest.
The orc high priest is heavily wounded.
The sixfirhy completely misses you. The sixfirhy closely misses you.
The orc high priest misses you. The smoke demon closely misses you.
The smoke demon hits you but does no damage.
The smoke demon hits you.
* * * LOW HITPOINT WARNING * * *
The sixfirhy hits you!
You die...

##........##...##...##
##....#...## #..##...##
##...#....## #..##.#.##
##∩.#.....##. #.......##
#.....#..##... ##.#.....#
##∩.#...).##..# ##.......#
##...#....##..###..##)#.##
##...)#...##§3#3.##...#
##.)))....##)@4##)..##
##))###...##o##...##
##))###...###)..##
##[)###...#)..##
######.)###.#)#.##
##...###..###.))##
#.....###..###.##
##.#...###..####
#####.....###..##


You could see an orc high priest, a rust devil, a sixfirhy and a smoke demon.

Vanquished Creatures
  Rupert (Lair:5)
  The ghost of testmoya the Severer, a journeyman MiBe of Trog (D:15)
  Roxanne (D:15)
  The ghost of MewIchigo the Carver, a journeyman HuFi of the Shining One (D:13)
  The ghost of Rooheesk the Severer, a journeyman DDGl of Makhleb (Lair:4)
  Nessos (Lair:4)
  A yaktaur captain (D:15)
  A vault guard (D:14)
  10 hydras
  Erica (D:9)
  A centaur warrior (D:15)
  3 two-headed ogres
  4 catoblepae
  7 death yaks
  2 tengu warriors (D:14)
  Urug (Lair:5)
  4 spriggans (Lair:4)
  4 orc high priests (Orc:2)
  Sonja (Lair:5)
  A sixfirhy (Orc:2)
  An unseen horror (D:11)
  4 skeletal warriors (D:15)
  An infernal demonspawn (Orc:2)
  Pikel (D:6)
  6 orc knights
  6 orc sorcerers (Orc:2)
  3 manticores
  5 cyclopes
  A deep elf mage (D:15)
  12 ugly things
  2 moths of wrath (Lair:4)
  16 elephants
  A rust devil (Orc:2)
  4 black mambas
  Maurice (D:8)
  Joseph (D:7)
  Psyche (D:8)
  A water nymph (shapeshifter) (D:13)
  2 gargoyles (D:14)
  6 kobold demonologists
  An orange demon (Orc:2)
  7 spiny frogs
  An efreet (D:15)
  9 komodo dragons
  3 torpor snails
  A yaktaur (D:15)
  A freezing wraith (D:14)
  2 tengu conjurers
  A harpy zombie (D:13)
  2 polar bears (Lair:4)
  2 hellwings (Orc:2)
  9 trolls
  Prince Ribbit (D:6)
  3 hornets
  8 dream sheep
  13 blink frogs
  5 slime creatures (D:13)
  8 hippogriffs
  A meliai zombie (D:13)
  Sigmund (D:5)
  A vampire (D:14)
  3 shadows
  4 wyverns
  A hungry ghost (D:13)
  72 yaks
  5 basilisks
  4 vampire mosquitoes (D:11)
  A steam dragon (Lair:3)
  A chaos spawn (Orc:2)
  Menkaure (D:6)
  2 wargs
  15 water moccasins
  4 porcupines
  A swamp drake (D:11)
  An ice beast (D:5)
  4 slaves (D:6)
  41 orc warriors
  2 sky beasts
  A phantom (D:5)
  5 ogres
  13 wolves
  4 boggarts (Lair:4)
  12 centaurs
  A necrophage (D:11)
  7 crocodiles
  10 big kobolds
  17 bullfrogs
  A water moccasin zombie (D:10)
  A scorpion (D:4)
  38 killer bees
  A water moccasin skeleton (D:6)
  20 wights
  An electric eel (Lair:6)
  6 crimson imps
  4 bullfrog zombies
  3 howler monkeys
  2 centaur zombies
  3 human zombies (Ossuary)
  A quasit (D:15)
  10 jellies
  23 orc wizards
  3 centaur skeletons
  18 orc priests
  3 bullfrog skeletons
  9 hounds
  4 iguanas
  Terence (D:3)
  11 worker ants
  A big kobold zombie (Ossuary)
  6 hound zombies
  A hound skeleton (D:7)
  3 mummies (Ossuary)
  15 gnolls
  A howler monkey skeleton (D:9)
  12 river rats
  17 adders
  6 shadow imps
  5 oozes
  7 adder zombies (Ossuary)
  3 adder skeletons
  5 worms
  5 dart slugs
  7 leopard geckos
  92 orcs
  3 ball pythons
  2 bats
  6 giant cockroaches
  2 gnoll zombies (Ossuary)
  6 goblins
  10 hobgoblins
  13 jackals
  14 kobolds
  12 quokkas
  3 frilled lizards
  3 goblin zombies (Ossuary)
  3 hobgoblin zombies (Ossuary)
  3 jackal zombies (Ossuary)
  2 kobold zombies (Ossuary)
  A leopard gecko skeleton (D:6)
  An orc zombie (Ossuary)
  A quokka skeleton (D:8)
  3 quokka zombies (Ossuary)
  28 rats
  3 rat zombies (Ossuary)
902 creatures vanquished.

Vanquished Creatures (others)
  A porcupine (Lair:2)
  An orc priest (Orc:2)
  7 plants (Lair:6)
  2 withered plants (D:15)
11 creatures vanquished.

Grand Total: 913 creatures vanquished

Notes
Turn   | Place    | Note
-------+----------+-------------------------------------------
     0 | D:1      | Borgoz the Gargoyle Gladiator began the quest for the Orb.
     0 | D:1      | Reached XP level 1. HP: 12/12 MP: 1/1
   137 | D:1      | Reached XP level 2. HP: 16/18 MP: 2/2
   581 | D:1      | Reached skill level 1 in Armour
   782 | D:1      | Reached XP level 3. HP: 22/22 MP: 3/3
  1151 | D:2      | Reached XP level 4. HP: 14/27 MP: 4/4
  1395 | D:2      | Reached skill level 4 in Maces & Flails
  1802 | D:3      | Reached XP level 5. HP: 23/32 MP: 5/5
  1937 | D:3      | Noticed Terence
  1954 | D:3      | Killed Terence
  2407 | D:3      | Reached skill level 6 in Maces & Flails
  2407 | D:3      | Reached XP level 6. HP: 44/44 MP: 6/6
  2971 | D:4      | Reached XP level 7. HP: 14/48 MP: 7/7
  4174 | D:5      | Entered Level 5 of the Dungeon
  4336 | D:5      | Found a glowing drain.
  4340 | Sewer    | Entered a sewer
  4530 | Sewer    | Reached skill level 7 in Maces & Flails
  4530 | Sewer    | Reached XP level 8. HP: 52/54 MP: 8/8
  4905 | D:5      | Noticed Sigmund
  4921 | D:5      | Killed Sigmund
  5049 | D:5      | Found a radiant altar of Vehumet.
  5137 | D:5      | Reached XP level 9. HP: 60/60 MP: 9/9
  5232 | D:6      | Noticed Pikel
  5395 | D:6      | Noticed Prince Ribbit
  5946 | D:6      | Found a staircase to the Ecumenical Temple.
  6177 | D:6      | Killed Pikel
  6177 | D:6      | Reached skill level 1 in Shields
  6247 | D:6      | Reached skill level 8 in Maces & Flails
  6310 | D:7      | Noticed Joseph
  6310 | D:7      | Noticed Menkaure
  6315 | D:6      | Killed Menkaure
  6980 | D:7      | Found a stormy altar of Qazlal.
  7064 | D:7      | Killed Joseph
  7267 | D:7      | Found a basalt altar of Yredelemnul.
  7296 | D:7      | Found Not Owukhly's Jewellery Shop.
  7579 | D:7      | Reached XP level 10. HP: 39/65 MP: 10/10
  7753 | Temple   | Entered the Ecumenical Temple
  8510 | D:6      | Got a steaming plate armour
  8521 | D:6      | Identified the cursed +1 plate armour "Buhi" {*Corrode
                  | rPois MR+ Str+2} (You found it on level 6 of the Dungeon)
  8841 | D:6      | Killed Prince Ribbit
  8888 | D:8      | Found an iron altar of Okawaru.
  8954 | D:8      | Noticed Psyche
  8966 | D:8      | Killed Psyche
  8991 | D:8      | Found a sand-covered staircase.
  9193 | Ossuary  | Entered an ossuary
  9508 | D:8      | Reached skill level 9 in Maces & Flails
  9980 | D:8      | Found a shattered altar of Ashenzari.
  9980 | D:8      | Found a burning altar of Makhleb.
 10021 | D:8      | Noticed Maurice
 10063 | D:8      | Killed Maurice
 10393 | D:8      | Became a worshipper of Warmaster Okawaru
 10406 | D:9      | Found a sacrificial altar of Ru.
 10508 | D:9      | Found a staircase to the Orcish Mines.
 10612 | D:9      | Reached XP level 11. HP: 48/71 MP: 11/11
 10631 | D:9      | Reached * piety under Okawaru
 11001 | D:9      | Noticed a two-headed hydra
 11012 | D:9      | Killed a two-headed hydra
 11012 | D:9      | Reached ** piety under Okawaru
 11219 | D:10     | Entered Level 10 of the Dungeon
 11222 | D:10     | Noticed Erica
 11248 | D:9      | Killed Erica
 11248 | D:9      | Reached skill level 10 in Maces & Flails
 11324 | D:10     | Reached *** piety under Okawaru
 11554 | D:10     | Reached skill level 10 in Fighting
 11602 | D:10     | Reached **** piety under Okawaru
 11627 | D:10     | Noticed a soul eater
 12264 | D:10     | Found a glowing silver altar of Zin.
 12350 | D:10     | Reached XP level 12. HP: 72/77 MP: 12/12
 12595 | D:11     | Reached skill level 10 in Armour
 12863 | D:11     | Reached ***** piety under Okawaru
 12885 | D:11     | Reached skill level 11 in Maces & Flails
 13273 | D:11     | Got a twisted leather armour
 13284 | D:11     | Identified the cursed +1 leather armour of Altruism {rElec
                  | rF+ rN+} (You found it on level 11 of the Dungeon)
 13461 | D:11     | Received a gift from Okawaru
 13675 | D:11     | Found a staircase to the Lair.
 13936 | D:12     | Reached skill level 10 in Dodging
 14333 | D:12     | HP: 1/79 [orc warrior/+0 hand axe (8)]
 14711 | D:12     | Reached XP level 13. HP: 63/84 MP: 13/13
 14800 | D:12     | Reached skill level 12 in Maces & Flails
 14920 | D:12     | Found a roughly hewn altar of Beogh.
 15470 | D:13     | Received a gift from Okawaru
 15685 | D:13     | Reached ****** piety under Okawaru
 15768 | D:13     | Found a runed translucent door.
 15769 | D:13     | Noticed MewIchigo's ghost (journeyman HuFi)
 15782 | D:13     | Received a gift from Okawaru
 15785 | D:13     | Got a pair of pitted boots {god gift}
 15791 | D:13     | Identified the +1 pair of boots of Ifualawu {rF+} (Okawaru
                  | gifted it to you on level 13 of the Dungeon)
 16334 | D:13     | Killed MewIchigo's ghost
 16334 | D:13     | Reached skill level 1 in Invocations
 17126 | D:14     | Reached skill level 13 in Maces & Flails
 17145 | D:14     | Gained mutation: Your large and strong wings let you fly
                  | indefinitely. [Gargoyle growth]
 17145 | D:14     | Reached XP level 14. HP: 61/91 MP: 15/15
 17279 | D:14     | Found a gate to the Vaults.
 17388 | D:15     | Entered Level 15 of the Dungeon
 17523 | D:15     | Found a runed translucent door.
 17523 | D:15     | Noticed testmoya's ghost (journeyman MiBe)
 17550 | D:15     | Received a gift from Okawaru
 17732 | D:15     | Found Cewk's Antique Weapon Shop.
 17733 | D:15     | Found Erim's Gadget Shop.
 17737 | D:15     | Found Qekhloute's Assorted Antiques.
 17821 | D:15     | Bought a scroll of teleportation for 87 gold pieces
 17821 | D:15     | Bought a scroll of teleportation for 87 gold pieces
 17923 | D:15     | Identified Roxanne's Collected Works on Changing
 17923 | D:15     | Noticed Roxanne
 17954 | D:15     | Killed Roxanne
 18119 | D:15     | Found a portal to a secret trove of treasure.
 18241 | D:15     | Found Tyelaclo's Antique Weapon Shoppe.
 18491 | D:15     | Found a staircase to the Depths.
 18745 | D:15     | Killed testmoya's ghost
 18953 | Lair:1   | Entered Level 1 of the Lair of Beasts
 19939 | Lair:2   | Received a gift from Okawaru
 20794 | Lair:3   | Received a gift from Okawaru
 20795 | Lair:3   | Got an encrusted great mace {god gift}
 20796 | Lair:3   | Identified the +3 great mace of Onguz {flame, *Corrode
                  | rPois rC- Int+5} (Okawaru gifted it to you on level 3 of
                  | the Lair of Beasts)
 20873 | Lair:3   | Reached skill level 5 in Invocations
 20943 | Lair:3   | Found a staircase to the Swamp.
 20996 | Lair:3   | Reached skill level 14 in Maces & Flails
 21006 | Lair:3   | Reached XP level 15. HP: 91/97 MP: 18/18
 21126 | Lair:3   | Found a staircase to the Snake Pit.
 21999 | Lair:4   | Noticed Nessos
 22122 | Lair:4   | Found a transporter.
 22122 | Lair:4   | Found a transporter.
 22125 | Lair:4   | Identified the +5 trident "Giylir" {drain, Dex+2}
 22247 | Lair:4   | Killed Nessos
 22247 | Lair:4   | Received a gift from Okawaru
 22328 | Lair:4   | Noticed Rooheesk's ghost (journeyman DDGl)
 22329 | Lair:4   | Found a bloodstained altar of Trog.
 22501 | Lair:4   | You are sucked into a shaft and drop 2 floors!
 22501 | Lair:6   | Entered Level 6 of the Lair of Beasts
 22727 | Lair:6   | Received a gift from Okawaru
 22925 | Lair:5   | Found a staircase to the Slime Pits.
 22925 | Lair:5   | Noticed Urug
 23020 | Lair:5   | Killed Urug
 23948 | Lair:5   | Noticed Rupert
 23970 | Lair:5   | Killed Rupert
 24030 | Lair:5   | Noticed Sonja
 24047 | Lair:5   | Killed Sonja
 24321 | Lair:5   | Received a gift from Okawaru
 24639 | Lair:6   | Found an ornate altar of the Wu Jian Council.
 25103 | Lair:6   | Reached XP level 16. HP: 83/104 MP: 21/21
 25116 | Lair:6   | Reached skill level 15 in Maces & Flails
 25655 | Lair:4   | Killed Rooheesk's ghost
 26020 | Orc:1    | Entered Level 1 of the Orcish Mines
 26224 | Orc:1    | Found a roughly hewn altar of Beogh.
 26421 | Orc:2    | Entered Level 2 of the Orcish Mines
 26526 | Orc:2    | Found Vuseor's General Store.
 26680 | Orc:2    | Found Xeuraisk's Distillery.
 26727 | Orc:2    | Found Ylegh's Magic Scroll Emporium.
 26952 | Orc:2    | Bought a scroll of teleportation for 45 gold pieces
 26952 | Orc:2    | Bought a scroll of teleportation for 45 gold pieces
 26952 | Orc:2    | Bought a scroll of teleportation for 45 gold pieces
 26952 | Orc:2    | Bought 2 scrolls of teleportation for 90 gold pieces
 27184 | Orc:2    | Received a gift from Okawaru
 27208 | Orc:2    | Got a pair of bloodstained gloves {god gift}
 27291 | Orc:2    | Identified the +1 pair of gloves "Ifren" {*Slow rF++}
                  | (Okawaru gifted it to you on level 2 of the Orcish Mines)
 27362 | Orc:2    | Slain by a sixfirhy

Levels and vault maps discovered:
D:1:      dpeg_arrival_yet_another_circle, layout_basic, st_stairs_4,
          chequers_serial_rivers_small_b, minmay_splitting_lines
D:2:      wander_river, layout_rooms, moated_statue
D:3:      minmay_spotlight, layout_basic, uniq_terence
D:4:      minmay_opposing_rooms, layout_basic, minmay_quantized
D:5:      layout_rooms, kennysheep_little_box, first_ration,
          gup_sewer_entry_bowl, uniq_sigmund
D:6:      lemuel_ratsnest, layout_loops_cross, minmay_temple_entry_purple_smoke,
          uniq_prince_ribbit1, uniq_pikel
D:7:      layout_loops_ring, nicolae_qazlal_eye_of_the_storm, basic_altar,
          serial_shops, shop, uniq_joseph, uniq_menkaure
D:8:      layout_layer_cave, gammafunk_temple_overflow_forgotten,
          lightli_ossuary_entry_decrepit_ruins, uniq_psyche, uniq_maurice
D:9:      layout_basic, nicolae_overflow_crystal_walls, david_orc_3,
          hangedman_ranch [blue_anna_fruit_fields]
D:10:     layout_basic, basic_altar, uniq_erica
D:11:     layout_irregular_city, erik_lair_dragon
D:12:     layout_long_grid, special_room [special_room_orc]
D:13:     layout_loops_corners, ebering_ghost_inner_flame
D:14:     layout_roguey, david_vaults_5, kennysheep_pointless_box
D:15:     grunt_enter_depths_snipers, layout_long_grid, serial_shops, shop,
          nicolae_shop_statue_plus, shop, shop, nicolae_trove_entry_crossroad,
          gammafunk_ghost_grave, chequers_serial_rivers_micro_d, st_stairs_5,
          uniq_roxanne
Temple:   compressed_dpeg_circular_temple
Lair:1:   layout_gridlike, columned_hall_lemuel, lemuel_fruit_fields
Lair:2:   layout_roguey, infiniplex_staircase_pool, grunt_megastairs_3,
          serial_bayou_shore_a
Lair:3:   layout_regular_city, swamp_mist, guppyfry_snake_entry_island,
          eino_small_chamber_without_monster
Lair:4:   layout_layer_cave, gammafunk_ghost_wrathful_warriors,
          cheibrodos_lair_caveside_slide, kilobyte_rumbling_trees,
          lemuel_fruit_fields, infiniplex_staircase_pool_2, grunt_megastairs_4,
          uniq_nessos
Lair:5:   layout_loops_ring, nicolae_slime_entry_slimehenge, serial_forest,
          infiniplex_forest_clump_medium, infiniplex_forest_clump_double,
          infiniplex_forest_straight_2, infiniplex_forest_straight_2,
          infiniplex_forest_straight_3, uniq_rupert, uniq_urug, uniq_sonja
Lair:6:   evilmike_catoblepas_cave, layout_big_grid,
          nicolae_quartered_pool_medium, lemuel_centaur_altar
Orc:1:    layout_diamond_mine, serial_shops, basic_altar
Orc:2:    pf_orc_diabolical, layout_diamond_mine, serial_shops, shop,
          uniq_josephine

Skill      XL: |  1  2  3  4  5  6  7  8  9 10 11 12 13 14 15 16 |
---------------+-------------------------------------------------+-----
Armour         | 1 7 8 9 10 11 12 13 | 13.3
Fighting       | 3 7 8 9 10 11 12 13 | 13.5
Maces & Flails | 4 6 7 8 9 10 11 13 14 15 | 15.4
Dodging        | 3 6 7 8 9 10 11 12 13 | 13.4
Shields        | 2 3 |  3.6
Invocations    | 2 5 7 |  7.8
Throwing       | |  1.7

Action                   |  1- 3 |  4- 6 |  7- 9 | 10-12 | 13-15 | 16-18 || total
-------------------------+-------+-------+-------+-------+-------+-------++-------
Melee: Flail             |   111 |   170 |   773 |   436 |       |       ||  1490
       Dire flail        |       |       |       |   870 |  1766 |       ||  2636
       Eveningstar       |       |       |       |       |   201 |   428 ||   629
       Punch             |       |       |       |       |       |     2 ||     2
Throw: Throwing net      |       |     2 |     2 |       |       |       ||     4
Invok: Heroism           |       |       |       |       |     6 |     3 ||     9
       Finesse           |       |       |       |       |     2 |     1 ||     3
 Abil: Fly               |       |       |       |       |     1 |       ||     1
Evoke: Wand              |       |       |       |       |     1 |       ||     1
  Use: Scroll            |       |    10 |     7 |     8 |     5 |       ||    30
       Potion            |       |     1 |     5 |     4 |     2 |     2 ||    14
 Stab: Confused          |       |       |       |     2 |       |       ||     2
       Petrified         |       |       |       |       |    17 |       ||    17
  Eat: Chunk             |     1 |     6 |    16 |    23 |    29 |     7 ||    82
       Ration            |       |       |       |     1 |     2 |       ||     3
Armor: Leather armour    |    34 |       |       |     3 |       |       ||    37
       Ring mail         |    45 |    68 |   340 |    92 |   194 |    26 ||   765
       Plate armour      |       |       |       |   648 |   882 |       ||  1530
       Troll leather arm |       |       |       |   157 |       |       ||   157
       Chain mail        |       |       |       |       |       |   177 ||   177
Dodge: Dodged            |   100 |   113 |   432 |   991 |  1084 |   334 ||  3054
Block: Buckler           |       |       |    51 |    90 |       |       ||   141
       Other             |       |       |       |       |   157 |       ||   157
       Reflection        |       |       |       |       |     3 |       ||     3

Table legend:
 A = Non-vault XP
 B = Vault XP
 C = Vault XP percentage of total XP
 D = Non-vault monster count
 E = Vault monster count
 F = Vault count percentage of total count
                 A         B        C        D         E       F
            +---------+---------+-------+---------+---------+-------
      Total |   96230 |   59818 |  38.3 |     609 |     290 |  32.3
            +---------+---------+-------+---------+---------+-------
        D:1 |      65 |       5 |   7.1 |      22 |       2 |   8.3
        D:2 |      89 |       0 |   0.0 |      19 |       0 |   0.0
        D:3 |      54 |      53 |  49.5 |      21 |       4 |  16.0
        D:4 |     136 |     307 |  69.3 |      12 |      11 |  47.8
        D:5 |     772 |     260 |  25.2 |      17 |       5 |  22.7
        D:6 |     291 |    1332 |  82.1 |       9 |      36 |  80.0
        D:7 |     534 |     445 |  45.5 |      21 |       1 |   4.5
        D:8 |    1791 |     896 |  33.3 |      40 |       2 |   4.8
        D:9 |    2282 |    3456 |  60.2 |      27 |      16 |  37.2
       D:10 |    4949 |       0 |   0.0 |      55 |       0 |   0.0
       D:11 |    6319 |     818 |  11.5 |      46 |       5 |   9.8
       D:12 |    5452 |    1932 |  26.2 |      39 |      22 |  36.1
       D:13 |   11112 |    1756 |  13.6 |      52 |       2 |   3.7
       D:14 |    8245 |    1013 |  10.9 |      31 |       1 |   3.1
       D:15 |   11434 |    7335 |  39.1 |      32 |       8 |  20.0
     Lair:1 |    2009 |    1019 |  33.7 |       7 |       5 |  41.7
     Lair:2 |    3746 |     366 |   8.9 |      19 |       2 |   9.5
     Lair:3 |   10849 |       0 |   0.0 |      37 |       0 |   0.0
     Lair:4 |    8842 |    6540 |  42.5 |      28 |      16 |  36.4
     Lair:5 |    4149 |    4638 |  52.8 |      12 |       3 |  20.0
     Lair:6 |   11394 |   12097 |  51.5 |      31 |      33 |  51.6
      Orc:1 |    1019 |       0 |   0.0 |      19 |       0 |   0.0
      Orc:2 |     697 |   14792 |  95.5 |      13 |      58 |  81.7
      Sewer |       0 |     384 | 100.0 |       0 |      20 | 100.0
    Ossuary |       0 |     374 | 100.0 |       0 |      38 | 100.0
            +---------+---------+-------+---------+---------+-------
